Unix NetHack Version 3.7.0-58 Work-in-progress - last build May 9 2022 01:57:28 (68cf6e19034123fb635188453c0de67a0aba65fd,branch:master). Game began 2022-05-14 17:59:14, ended 2022-05-15 08:46:43. spontiff, neutral male gnomish Healer ------ |....| -------.---- |.....######|..........| |....| #|..........| |<...-# #|.......%..| |....|# # ......%..+ ------# # ..%...\| # # ./..% # # -.- --------- # ######hh##h#)##)@ --------- |.......| # # ##-.......| |.......| # # # |........######.<......| ## #### |.......| |.......| ## # |.......| |.....|.| #-------.------- # |.......| --------- #|.............| #### --------- #|..............### #..............| --------------- Spontiff the Rhizotomist St:13 Dx:9 Co:17 In:10 Wi:16 Ch:17 Neutral S:2615 Dlvl:6 $:0 HP:0(31) Pw:0(6) AC:-4 Xp:1/0 T:11781 Latest messages: The wand hits the gnome! The gnome is killed! In what direction? . You feel better. The bugbear puts on an orcish helm. What do you want to wear? [r or ?*] r You are now wearing a small shield. You see here a dagger. The bugbear tries to wield a thonged club. The bugbear's bow is welded to his hand! The bugbear zaps a wand of striking! The wand hits the dwarf queen! The dwarf queen is killed! The wand hits you! The bugbear throws a dart! The bugbear is hit. The bugbear picks up a hooded cloak. What do you want to use or apply? [fkostxSX-Z or ?*] s In what direction? h Status of the bugbear (chaotic): Level 3 HP 5(8) AC 4. You see here a dagger. What do you want to use or apply? [fkostxSX-Z or ?*] o You produce a high whistling sound. You drop 4 crossbow bolts. You drop a crossbow. You drop a crude dagger. You drop a stout spear. You drop a thonged club. The bugbear throws a dart! The bugbear is hit. What do you want to use or apply? [fkostxSX-Z or ?*] f i - a potion of healing. What do you want to adjust? [df-kn-vxyAEJSX-Z or ?*] i Adjust letter to what [a-ceilmwzB-DF-IK-RT-W] (? see used letters)? c Moving: c - a potion of healing. You see here a dagger. You hear some noises in the distance. The gnome puts on a pair of hard shoes. What do you want to use or apply? [fkostxSX-Z or ?*] o You produce a high whistling sound. The hobgoblin throws a dart! The bugbear is hit. The bugbear zaps a wand of striking! The wand hits the hobgoblin! The wand hits the bugbear! The bugbear zaps a wand of striking! The wand hits you! You die... Do you want your possessions identified? [ynq] (y) y Do you want to see the dungeon overview? [ynq] (y) y Major events: Turn 1: spontiff the neutral male gnomish Healer entered the dungeon 2768: entered the Gnomish Mines 3691: reached Mine Town 7839: entered Sokoban 8433: completed sokoban 1 9138: completed sokoban 2 9587: completed sokoban 3 11043: completed sokoban 4 11399: acquired the Sokoban bag of holding 11781: killed by a wand Inventory: Amulets A - an uncursed amulet of reflection (being worn) Armor h - a blessed +0 orcish helm (being worn) g - an uncursed +1 pair of leather gloves (being worn) v - an uncursed +0 pair of low boots (being worn) r - an uncursed +0 small shield (being worn) q - an uncursed +0 cloak of displacement (being worn) d - an uncursed +0 leather armor (being worn) Comestibles y - an uncursed apple n - 5 uncursed food rations j - an uncursed sprig of wolfsbane p - an uncursed tripe ration u - an uncursed lichen corpse Potions c - a cursed potion of healing Rings J - an uncursed ring of conflict Wands Y - an uncursed wand of digging (0:7) X - an uncursed wand of light (0:13) S - an uncursed wand of sleep named SMOKY healing (0:0) Z - an uncursed wand of wishing (0:1) Tools f - an uncursed bag of holding containing 17 items x - an uncursed oil lamp k - an uncursed skeleton key s - an uncursed stethoscope o - an uncursed tin whistle t - an uncursed towel named Po Ty Gems/Stones E - an uncursed ruby Contents of the bag of holding: 3405 gold pieces 2 uncursed tripe rations 2 uncursed scrolls of blank paper a cursed scroll of blank paper an uncursed scroll of confuse monster an uncursed scroll of earth a cursed scroll of earth an uncursed scroll of food detection an uncursed scroll of punishment 2 uncursed potions of blindness a blessed potion of object detection an uncursed ring of free action a cursed ring of hunger an uncursed ring of see invisible an uncursed ring of shock resistance an uncursed wand of magic missile (0:4) an uncursed fluorite stone Spontiff the Healer's attributes: Background: You were a Rhizotomist, a level 1 male gnomish Healer. You were neutral, on a mission for Hermes who was opposed by Athena (lawful) and Poseidon (chaotic). You were in the Dungeons of Doom, on level 6. You entered the dungeon 11781 turns ago. There was a full moon in effect when your adventure ended. You had 0 experience points, 20 were needed to attain level 2. Your score was 2615 before end-of-game adjustments. Basics: You had 0 out of 31 hit points. You had 0 out of 6 energy points (spell power). Your armor class was -4. Your wallet was empty. Autopickup was on for '$!/="?' plus thrown, with exceptions. Final Characteristics: Your strength was 13 (limit:18/50). Your dexterity was 9 (peak:10, limit:18). Your constitution was 17 (limit:18). Your intelligence was 10 (limit:19). Your wisdom was 16 (limit:18). Your charisma was 17 (limit:18). Final Status: You were not hungry. You were unencumbered. You were empty handed. You were unskilled in bare handed combat. Final Attributes: You were piously aligned. You were poison resistant. You were telepathic. You had infravision. You were displaced. You had a moderate defense bonus (+6). You were warded. You had reflection. You were lucky. You are dead. Miscellaneous: You never encountered a bones level. Total elapsed playing time was 2 hours, 47 minutes and 19 seconds. Vanquished creatures: a watch captain 2 giant mimics a large mimic 2 small mimics a dwarf ruler 3 watchmen 2 leprechauns 2 bugbears an imp a wood nymph a mountain nymph 5 rock piercers 4 rock moles a pony 4 fog clouds 3 yellow lights a shrieker 6 gnome leaders a gray ooze 3 elf zombies 2 straw golems a paper golem 4 little dogs 2 floating eyes a kitten 8 dwarves 3 homunculi a kobold leader 3 kobold shamans 3 hill orcs a centipede 2 giant bats 2 monkeys an orc zombie 4 dwarf zombies 3 wererats 2 werejackals 15 iguanas 4 killer bees 5 acid blobs 2 coyotes 8 hobbits 2 manes 2 large kobolds 13 hobgoblins 6 giant rats 4 cave spiders 3 brown molds 2 yellow molds 3 red molds 18 gnomes 3 garter snakes 3 gnome zombies 9 geckos 13 jackals 4 foxes 4 kobolds 8 goblins 12 sewer rats 13 grid bugs a bat 16 lichens 3 kobold zombies 15 newts 279 creatures vanquished. No species were genocided or became extinct. Voluntary challenges: You never hit with a wielded weapon. You were a pacifist. You read items or engraved 2 times. You never engraved Elbereth. You never genocided any monsters. You never polymorphed an object. You never changed form. You used no wishes. You did not violate any of the special Sokoban rules. Achievements: You entered a shop. You entered the Gnomish Mines. You entered Minetown. You entered a temple. You entered Sokoban. You completed Sokoban. The Dungeons of Doom: levels 1 to 6 Level 1: Level 2: Level 3: Level 4: A general store. Stairs down to The Gnomish Mines. Level 5: Many fountains. Oracle of Delphi. Level 6: <- You were here. A throne, a grave. Stairs up to Sokoban, level 5. Final resting place for you, killed by a wand. The Gnomish Mines: levels 5 to 8 Level 5: Level 6: Level 7: Many shops, a temple, some fountains. Level 8: Sokoban: levels 5 up to 2 Level 2: Solved. Level 3: Solved. Level 4: Solved. Level 5: Solved. Game over: ---------- / \ / REST \ / IN \ / PEACE \ / \ | spontiff | | 3405 Au | | killed by a wand | | | | | | | | 2022 | *| * * * | * _________)/\\_//(\/(/\)/\//\/|_)_______ Goodbye spontiff the Healer... You died in The Dungeons of Doom on dungeon level 6 with 2389 points, and 3405 pieces of gold, after 11781 moves. You were level 1 with a maximum of 31 hit points when you died.